Map: Abyssal Reef LE

Players

ByuN - Winner!

  • Race: Terran Terran
  • Spawn Location: 11:00

soO

  • Race: Zerg Zerg
  • Spawn Location: 5:00

VOD

Have the link to the VOD?

Description

Time

  • Played on: July 29, 2017, 2:02 a.m.
  • Length: 20:38
Show
View Real Time Build Order
Export as new Build Order

ByuN Terran - Winner!

Build Orders: MMM Bio 

Get SALT Encoding   

  12  0:00  SCV  
  13  0:12  SCV  
  14  0:17  Supply Depot  
  14  0:24  SCV  
  15  0:39  SCV  
  15  0:40  Barracks  
  16  0:44  Refinery  
  16  0:51  SCV  
  17  1:01  Barracks  
  17  1:03  SCV  
  18  1:15  SCV  
  19  1:20  Barracks  
  19  1:27  Reaper  
  20  1:37  Orbital Command  
  20  1:43  Refinery  
  20  1:48  Reaper  
  21  1:55  Supply Depot  
  21  2:04  SCV  
  21  2:05  Reaper  
  23  2:17  SCV, Reaper  
  25  2:25  Reaper  
  25  2:27  Supply Depot  
  25  2:29  SCV  
  27  2:40  Reaper  
  27  2:41  SCV  
  29  2:53  SCV, Reaper  
  31  3:05  Command Center  
  31  3:06  SCV  
  31  3:07  Reaper  
  31  3:12  Reaper  
  34  3:19  SCV  
  35  3:21  Supply Depot  
  35  3:28  Factory  
  35  3:29  Reaper  
  35  3:33  SCV  
  37  3:38  Refinery  
  37  3:41  Reaper  
  38  3:45  SCV  
  38  3:48  Reaper  
  40  3:57  SCV  
  40  3:59  Refinery  
  41  4:07  Reaper  
  41  4:09  SCV  
  43  4:15  Starport  
  43  4:18  Orbital Command  
  43  4:21  SCV  
  43  4:22  Reaper  
  45  4:27  Factory Reactor  
  45  4:32  Reaper  
  45  4:34  SCV  
  47  4:44  SCV  
  48  4:46  SCV, Reaper  
  50  4:56  SCV  
  50  4:58  SCV  
  52  5:04  Supply Depot  
  52  5:08  Medivac x2  
  52  5:09  Factory Reactor  
  52  5:12  Marine x2  
  59  5:15  SCV  
  59  5:16  SCV  
  59  5:17  Marine  
  59  5:20  Liberator  
  61  5:25  Command Center  
  61  5:28  SCV x2  
  62  5:33  Barracks Reactor, Barracks Tech Lab  
  62  5:38  Medivac  
  68  5:43  Barracks Reactor  
  68  5:47  Widow Mine  
  69  5:50  SCV  
  69  5:51  Widow Mine  
  69  5:52  SCV, Supply Depot  
  69  5:53  Marine  
  69  5:55  Stimpack  
  74  6:04  SCV x2  
  74  6:06  Engineering Bay  
  76  6:16  SCV x2  
  71  6:28  SCV x2  
  71  6:32  Marine x2  
  71  6:40  SCV x2  
  71  6:44  Marine x2  
  71  6:46  Marine  
  74  6:51  Engineering Bay  
  74  6:52  SCV x2  
  76  7:00  Marine x2  
  78  7:02  Marine x2  
  78  7:04  SCV  
  78  7:05  SCV  
  78  7:06  Medivac x2  
  83  7:16  Marine  
  83  7:19  SCV x2  
  83  7:21  Terran Infantry Armor Level 1, Terran Infantry Weapons Level 1  
  82  7:30  Liberator  
  82  7:31  Liberator, Marine x2  
  82  7:32  Marine x2  
  82  7:34  Marine, Widow Mine x2  
  82  7:35  Orbital Command  
  86  7:48  Marine x2  
  86  7:49  Marine x2  
  96  7:51  Marine  
  96  7:55  Barracks  
  96  7:56  Combat Shields  
  97  8:02  SCV  
  98  8:06  Marine x2  
  98  8:07  Marine  
  98  8:12  Supply Depot  
  101  8:13  Supply Depot  
  101  8:15  Marine x2, Widow Mine x2  
  107  8:26  SCV x2  
  109  8:28  Armory  
  109  8:33  Marine x5  
  114  8:42  SCV x2  
  114  8:43  Barracks Reactor  
  114  8:44  Barracks, Widow Mine x2  
  119  8:51  Marine  
  119  8:52  Marine x3  
  119  8:53  Marine  
  119  8:55  Orbital Command  
  116  8:57  SCV x2  
  116  9:00  Medivac  
  116  9:01  Medivac  
  122  9:09  Marine  
  123  9:12  Widow Mine x2  
  125  9:19  Supply Depot, Terran Infantry Weapons Level 2  
  125  9:20  Supply Depot  
  125  9:25  Marine  
  125  9:26  Marine x3  
  125  9:30  Marine x2  
  125  9:32  Marine  
  125  9:33  SCV  
  125  9:34  SCV  
  125  9:43  SCV, Marine  
  125  9:44  Marine x2  
  133  9:46  SCV x2  
  129  9:53  Marine x3  
  129  9:59  Medivac  
  129  10:00  Terran Infantry Armor Level 2, Medivac  
  129  10:03  Factory Tech Lab  
  129  10:05  SCV x3  
  133  10:19  Marine  
  133  10:21  Marine  
  128  10:22  Marine  
  128  10:23  Marine x2  
  128  10:25  Siege Tank  
  128  10:29  Marine  
  123  10:36  Marine  
  123  10:37  Marine  
  123  10:39  Marine, Refinery x2, Factory  
  123  10:40  Marine x3  
  123  10:41  Marine x2  
  127  10:47  Marine  
  128  10:54  Marine  
  128  10:55  Marine  
  128  10:57  Siege Tank, Marine  
  130  10:58  Marine x3  
  130  10:59  Marine  
  130  11:02  Command Center  
  130  11:03  Marine  
  139  11:05  Marine  
  139  11:07  Supply Depot  
  139  11:08  Supply Depot x2  
  139  11:10  Supply Depot  
  136  11:12  Marine  
  136  11:13  Marine  
  136  11:14  Marine  
  136  11:16  Marine x4  
  138  11:20  Marine  
  138  11:23  Marine  
  140  11:25  Factory Tech Lab  
  140  11:28  Terran Vehicle Weapons Level 1  
  140  11:29  Siege Tank, Marine  
  140  11:31  Marine  
  140  11:32  Marine  
  145  11:33  Marine  
  145  11:34  Marine x2  
  141  11:43  Terran Infantry Weapons Level 3  
  141  11:47  Marine x3  
  141  11:48  Marauder, Marine  
  141  11:50  Marine  
  141  11:51  Siege Tank, Marine x2  
  153  12:01  Siege Tank  
  153  12:04  Marine x2  
  153  12:05  Marine x2  
  160  12:11  Marine  
  160  12:14  Unknown  
  154  12:22  Marine x5  
  159  12:23  Siege Tank  
  159  12:28  Terran Infantry Armor Level 3  
  162  12:33  Siege Tank, Supply Depot  
  164  12:37  Supply Depot  
  164  12:41  Planetary Fortress  
  164  12:43  SCV x3, Sensor Tower  
  167  12:52  Marine  
  167  12:53  Marine x7  
  167  12:55  Siege Tank, Marauder  
  180  13:05  Siege Tank  
  180  13:10  Marine x2  
  180  13:11  Marine  
  186  13:13  Marine x2  
  186  13:14  Marine x3  
  186  13:16  Marine  
  182  13:27  Siege Tank  
  182  13:28  Marine x3  
  182  13:31  Marine x3  
  182  13:32  Marine x2  
  195  13:34  Marauder  
  195  13:36  Unknown  
  195  13:38  Siege Tank  
  195  13:40  Terran Vehicle Weapons Level 2  
  196  13:46  Marine x3  
  196  13:48  Medivac x2  
  193  13:49  Marine x4  
  198  13:55  Marauder  
  198  13:59  Siege Tank  
  198  14:02  Marine  
  192  14:04  Marine  
  192  14:05  Marine  
  192  14:07  Marine  
  192  14:08  Marine x2  
  192  14:09  Marine x2  
  138  14:10  Siege Tank  
  131  14:17  Marauder  
  131  14:20  Marine  
  131  14:21  Unknown x3  
  131  14:22  Marine  
  131  14:23  Marine  
  126  14:25  Marine  
  126  14:26  Marine x3  
  126  14:27  Marine  
  131  14:31  Siege Tank  
  131  14:34  Medivac x2  
  131  14:38  Marauder, Marine  
  141  14:40  Marine  
  141  14:42  Siege Tank  
  145  14:46  Marine  
  145  14:47  Marine x4  
  145  14:48  Marine, Orbital Command  
  145  14:49  Concussive Shells  
  151  14:55  Marine  
  151  14:57  Marine  
  154  15:00  Marauder  
  154  15:03  Siege Tank  
  154  15:04  Medivac x2  
  161  15:13  Barracks  
  156  15:14  Siege Tank  
  156  15:15  Barracks x2  
  156  15:17  Liberator x2  
  157  15:21  Marauder, Marine x6  
  157  15:23  Marine  
  157  15:24  Marine  
  171  15:35  Siege Tank  
  171  15:42  Marauder, Marine x2  
  175  15:46  Siege Tank, Marine x3  
  175  15:48  Marine x2  
  185  15:55  Marine  
  179  16:00  Liberator x2, Marine x2  
  179  16:04  Marauder, Marine x3  
  138  16:06  Marine x2  
  136  16:13  Marine, Barracks Tech Lab  
  136  16:14  Barracks Tech Lab  
  136  16:16  Barracks Tech Lab  
  136  16:18  Marine x2  
  143  16:19  Siege Tank  
  143  16:22  Siege Tank  
  143  16:25  Marauder  
  150  16:28  Marine  
  150  16:30  Marine x4  
  150  16:32  SCV x2, Refinery x2  
  156  16:34  SCV  
  156  16:38  Marine x2  
  159  16:46  Marauder, Marine x2  
  150  16:47  Marine  
  150  16:53  Marine x5  
  151  17:00  Medivac x2  
  155  17:05  Marauder, Marine x4  
  155  17:06  Marauder  
  155  17:08  Marauder  
  165  17:11  Marine x5  
  165  17:12  Siege Tank  
  165  17:13  Siege Tank  
  176  17:30  Marine x8  
  176  17:31  Marauder x2  
  176  17:34  Marauder x2  
  192  17:50  Marine  
  192  17:51  Marine x3  
  196  17:53  Marauder x2  
  200  18:03  Marauder x2  
  200  18:04  Marine  
  191  18:07  Marine  
  191  18:10  Marine  
  191  18:13  Marine  
  191  18:14  Marauder x2, Marine  
  191  18:16  Marine x3  
  194  18:22  Marine  
  194  18:25  Marauder x2, Marine  
  156  18:27  Liberator, Marine  
  163  18:30  Marine  
  163  18:32  Siege Tank, Marine  
  151  18:34  Marine x3  
  151  18:36  Marauder x2  
  151  18:40  Marine  
  150  18:43  Siege Tank, Marine  
  150  18:45  Marine  
  150  18:46  Marauder x2  
  159  18:48  Marine  
  159  18:50  Marine  
  159  18:52  Marine x3  
  159  18:57  Marauder x2, Marine  
  159  18:59  Liberator  
  159  19:01  Marine  
  155  19:03  Marine  
  155  19:04  Siege Tank  
  155  19:06  Marine  
  155  19:07  Marauder  
  155  19:08  Marauder, Marine  
  155  19:09  Liberator, Marine  
  163  19:10  Marine x2  
  163  19:15  Marine  
  170  19:18  Marauder x2  
  170  19:19  Marine  
  170  19:21  Marine  
  170  19:24  Marine  
  176  19:26  Marine  
  176  19:27  Marine  
  176  19:28  Marine  
  176  19:29  Marauder x2  
  187  19:40  Marauder x2  
  187  19:45  Marine x2, Orbital Command  
  185  19:46  Marine x2  
  185  19:50  Marauder x2  
  185  19:51  Marine x2  
  185  19:52  Sensor Tower, Missile Turret  
  186  19:54  Marine x2  
  188  20:01  Marauder x2  
  191  20:12  Marauder  
  191  20:13  Marauder, Marine  
  196  20:16  Marine  
  196  20:17  Marine x2  
Show
View Real Time Build Order
Export as new Build Order

soO Zerg 

Build Orders: Pool First 

Get SALT Encoding   

  12  0:00  Drone  
  13  0:12  Overlord  
  13  0:17  Drone  
  14  0:30  Drone x2  
  14  0:34  Drone  
  17  0:43  Extractor  
  17  0:44  Drone  
  17  0:50  Spawning Pool  
  17  0:56  Drone  
  17  1:06  Drone  
  18  1:18  Hatchery  
  18  1:23  Drone  
  18  1:27  Drone  
  19  1:37  Queen  
  21  1:40  Zergling x2  
  21  1:46  Metabolic Boost  
  22  1:53  Overlord  
  22  2:12  Drone x2  
  22  2:13  Queen  
  26  2:25  Drone  
  26  2:29  Queen  
  27  2:36  Drone, Overlord  
  30  2:41  Evolution Chamber, Zergling x2  
  30  2:43  Zergling x2  
  30  2:52  Zergling x4  
  32  2:59  Zergling x4  
  34  3:08  Zergling x4  
  36  3:16  Zerg Ground Armor Level 1  
  36  3:18  Zergling x2  
  37  3:22  Zergling x2  
  40  3:27  Zergling x4  
  40  3:38  Drone x2, Overlord  
  42  3:43  Drone x2  
  44  3:52  Overlord  
  44  3:57  Drone x3  
  44  4:00  Drone  
  44  4:01  Drone  
  49  4:08  Drone x2  
  51  4:19  Hatchery  
  50  4:26  Pneumatized Carapace  
  50  4:28  Drone  
  50  4:29  Drone  
  52  4:32  Zergling x4  
  52  4:35  Zergling x4  
  56  4:39  Queen  
  56  4:44  Zergling x4  
  60  4:52  Overlord  
  59  5:04  Overlord  
  59  5:10  Queen  
  59  5:12  Zergling x2  
  59  5:13  Zergling x4  
  64  5:15  Queen  
  66  5:31  Drone x3  
  66  5:33  Queen, Drone  
  66  5:35  Drone x4  
  76  5:37  Drone x2  
  76  5:42  Drone  
  79  5:49  Zergling x6  
  82  5:51  Overlord x2  
  82  5:55  Overlord  
  82  6:00  Spore Crawler  
  82  6:01  Zergling x2  
  82  6:03  Zerg Melee Weapons Level 1  
  82  6:05  Overlord  
  82  6:09  Queen x2  
  86  6:15  Drone x3  
  86  6:16  Drone x2  
  91  6:19  Drone x3  
  91  6:22  Drone  
  91  6:23  Drone x5  
  99  6:29  Drone  
  99  6:32  Drone  
  100  6:34  Drone  
  100  6:37  Drone  
  102  6:42  Drone  
  102  6:43  Drone  
  104  6:48  Drone  
  104  6:49  Lair  
  104  6:51  Drone  
  104  6:52  Extractor, Drone  
  104  6:53  Hatchery  
  104  6:54  Baneling Nest, Extractor  
  104  6:56  Extractor  
  104  6:58  Drone  
  103  7:02  Drone x2  
  102  7:08  Baneling Nest  
  102  7:10  Spore Crawler  
  102  7:14  Drone x3  
  102  7:20  Drone  
  103  7:25  Drone x2  
  103  7:26  Zergling x2  
  103  7:27  Zergling x6, Overlord  
  103  7:29  Zergling x2  
  110  7:32  Drone  
  99  7:37  Drone x3  
  99  7:40  Drone x2  
  104  7:44  Extractor  
  104  7:46  Extractor  
  104  7:48  Centrifical Hooks  
  102  7:51  Zergling x6  
  102  7:52  Hydralisk Den  
  102  7:53  Hatchery  
  103  8:03  Drone x3  
  106  8:10  Zerg Ground Armor Level 2  
  106  8:12  Evolution Chamber, Baneling  
  105  8:19  Baneling x3  
  105  8:25  Zergling x2  
  105  8:26  Zergling x14  
  112  8:32  Baneling x4  
  112  8:37  Hydralisk x2  
  112  8:39  Zergling x12  
  112  8:40  Zergling x6  
  125  8:42  Overlord  
  125  8:46  Overlord  
  115  8:55  Muscular Augments  
  115  9:02  Drone x9  
  124  9:08  Hydralisk  
  124  9:09  Zergling x2  
  127  9:10  Zerg Melee Weapons Level 2  
  118  9:18  Drone x2  
  118  9:19  Drone x3  
  118  9:22  Queen  
  117  9:27  Drone x4  
  109  9:31  Drone  
  109  9:37  Drone x3  
  109  9:38  Drone  
  113  9:42  Hydralisk  
  113  9:43  Hydralisk, Zergling x6  
  113  9:44  Zergling x4  
  120  9:49  Zergling x2  
  120  9:50  Zergling x4  
  113  9:53  Zergling x4  
  113  9:56  Baneling x6  
  113  9:59  Overseer, Baneling x4  
  115  10:00  Hydralisk, Zergling x2  
  115  10:01  Zergling x2  
  115  10:04  Drone  
  115  10:05  Drone  
  121  10:08  Hydralisk  
  121  10:10  Baneling  
  123  10:15  Zergling x4  
  123  10:16  Zergling x4  
  123  10:21  Hydralisk x3  
  116  10:22  Hydralisk  
  116  10:23  Zergling x4  
  116  10:25  Zergling x2, Baneling  
  116  10:26  Baneling x2  
  122  10:29  Zergling x2  
  122  10:30  Zergling x8  
  126  10:36  Hydralisk x2  
  126  10:37  Zergling x6  
  126  10:39  Zergling x6  
  126  10:40  Zergling x8  
  126  10:41  Zergling x2  
  126  10:42  Zergling x2  
  142  10:44  Overseer  
  142  10:46  Baneling x3  
  142  10:48  Overlord  
  142  10:52  Overlord  
  140  11:01  Baneling  
  140  11:04  Overlord x4  
  140  11:07  Baneling x4  
  140  11:08  Baneling x2  
  140  11:09  Hatchery, Zergling x14  
  134  11:13  Zergling x2  
  133  11:18  Zerg Missile Weapons Level 1  
  133  11:23  Drone x2  
  133  11:25  Zergling x12  
  136  11:26  Zergling x14  
  136  11:30  Drone x2  
  150  11:38  Hydralisk x2, Zergling x2  
  150  11:39  Zergling x4  
  153  11:46  Hydralisk, Zergling x6  
  153  11:47  Zergling x6  
  160  11:50  Hydralisk  
  160  11:51  Hydralisk, Zergling x2  
  165  11:55  Drone  
  165  11:59  Baneling x4  
  165  12:00  Baneling x2  
  166  12:03  Hydralisk x2  
  166  12:04  Hydralisk, Zergling x2  
  166  12:05  Zergling x10  
  177  12:17  Drone x9  
  177  12:22  Drone x2, Overlord  
  188  12:23  Infestation Pit  
  188  12:26  Extractor, Drone x2  
  188  12:33  Zergling x4  
  190  12:45  Baneling x7  
  190  12:46  Baneling  
  190  12:47  Zergling x18  
  190  12:48  Overseer  
  199  12:53  Baneling  
  199  13:01  Spore Crawler, Hive  
  198  13:07  Overlord  
  198  13:23  Baneling x6  
  198  13:24  Baneling x8, Overlord  
  198  13:29  Zergling x2  
  199  13:41  Zergling x8  
  199  13:49  Baneling x4  
  199  13:52  Zergling x2  
  200  14:02  Zergling x8  
  196  14:04  Hydralisk x2  
  196  14:05  Zergling x14  
  196  14:06  Zergling x26  
  196  14:08  Hydralisk x2, Zergling x2  
  196  14:09  Zergling x2  
  181  14:14  Zerg Ground Armor Level 3, Zerg Melee Weapons Level 3  
  181  14:15  Adrenal Glands  
  181  14:16  Ultralisk Cavern  
  181  14:17  Hydralisk  
  175  14:18  Hydralisk  
  175  14:19  Zergling x8  
  177  14:25  Infestor x2  
  177  14:26  Burrow  
  181  14:33  Baneling x6  
  182  14:38  Drone x3  
  182  14:39  Extractor  
  182  14:40  Hatchery  
  182  14:42  Spore Crawler, Drone  
  182  14:44  Baneling x9  
  182  14:46  Zergling x2  
  182  14:47  Zergling x20  
  193  14:58  Extractor  
  186  15:04  Chitinous Plating  
  186  15:06  Ultralisk  
  185  15:08  Zergling x14  
  187  15:19  Ultralisk, Zergling x16  
  199  15:21  Baneling x4  
  199  15:22  Baneling x4  
  199  15:23  Zergling x2  
  200  15:34  Baneling x8  
  199  15:42  Hatchery, Overlord  
  192  15:43  Baneling  
  192  15:44  Baneling x2  
  192  15:45  Overlord  
  192  15:50  Zergling x6  
  192  15:51  Overlord  
  146  16:05  Ultralisk x2, Zergling x30  
  146  16:06  Zergling x2  
  150  16:13  Ultralisk, Zergling x4  
  150  16:16  Overseer  
  158  16:20  Zergling x2  
  158  16:21  Zergling x16  
  164  16:30  Baneling x7  
  163  16:35  Baneling x4  
  163  16:37  Ultralisk  
  163  16:38  Zergling x12  
  145  16:51  Ultralisk, Zergling x12  
  140  16:58  Drone  
  141  17:03  Hydralisk x5  
  149  17:21  Hatchery  
  148  17:23  Hydralisk x5  
  148  17:29  Drone  
  159  17:30  Drone x3  
  159  17:31  Drone  
  163  17:38  Hydralisk x2  
  163  17:39  Zergling x10  
  171  17:47  Zergling x2  
  171  17:48  Zergling x14  
  179  17:56  Hydralisk x2  
  180  18:00  Zergling x2  
  180  18:01  Zergling x2  
  180  18:02  Zergling x10  
  180  18:03  Zergling x2  
  185  18:05  Baneling  
  185  18:06  Baneling x5  
  185  18:08  Zergling x10  
  185  18:11  Zergling x2  
  185  18:12  Zergling x8  
  173  18:21  Ultralisk, Zergling x6  
  173  18:22  Zergling x6  
  145  18:30  Zergling x2  
  145  18:31  Zergling x12  
  137  18:35  Zergling x8  
  129  18:46  Drone  
  129  18:47  Drone x6  
  124  19:01  Infestor x2  
  129  19:13  Infestor x2, Hatchery  
  130  19:17  Baneling x4  
  130  19:25  Baneling  
  130  19:26  Baneling x5  
  130  19:44  Zergling x2  
  130  19:45  Zergling x16  
  133  19:49  Zergling x2  
  126  19:53  Zergling x4  
  127  20:00  Zergling x4  
  127  20:06  Zergling x2  
Tags
 
Composition
MMM Bio
Matchup
TvZ
Opening
Pool First
Spawn Locations
Cross Positions
Add a new tag
Caveats
  • Supply blocks, unpowered buildings, or Contaminate may cause inaccurate times.
  • Supply counts are checked every 10 seconds.